 Dungeon Crawl Stone Soup version 0.30-a0-335-ge5acde7520 (webtiles) character file.

Game seed: 5484079920956866149

204 McGhostyFace the Twirler (level 5, -5/43 HPs)
             Began as a Gnoll Wanderer on Oct 31, 2022.
             Slain by Pikel
             ... wielding a +1 whip of electrocution
              (15 damage)
             ... on level 4 of the Dungeon.
             The game lasted 00:06:48 (2957 turns).

McGhostyFace the Twirler (Gnoll Wanderer)           Turns: 2957, Time: 00:06:49

Health: -5/43      AC:  7    Str: 14    XL:     5   Next: 82%
Magic:  8/9        EV: 11    Int: 17    God:
Gold:   202        SH:  0    Dex:  8    Spells: 6/10 levels left

rFire   . . .      SeeInvis .    a - +3 quarterstaff
rCold   . . .      Faith    .    (shield currently unavailable)
rNeg    . . .      Spirit   .    d - +0 leather armour
rPois   .          Reflect  .    m - +1 helmet {Int+3}
rElec   .          Harm     .    (no cloak)
rCorr   .          Rampage  .    s - +1 pair of gloves
Will    .....                    (no boots)
Stlth   ++........               (no amulet)
HPRegen 0.27/turn                l - ring of wizardry
MPRegen 0.11/turn                (no ring)

@: studying Staves
A: fangs 1, strong nose, distributed training
a: no special abilities


You were on level 4 of the Dungeon.
You visited 1 branch of the dungeon, and saw 4 of its levels.

You collected 202 gold pieces.

Inventory:

Hand Weapons
 a - a +3 quarterstaff (weapon)
Armour
 d - a +0 leather armour (worn)
 m - a +1 helmet of intelligence (worn)
 s - a +1 pair of gloves (worn)
Magical Staves
 o - a staff of air
Jewellery
 f - a ring of see invisible
 l - a ring of wizardry (left hand)
 v - an amulet of guardian spirit
 x - an amulet of faith
Wands
 b - a wand of flame (3)
 g - a wand of polymorph (10)
 p - a wand of digging (3)
 y - a wand of charming (1)
Scrolls
 h - a scroll of enchant weapon
 j - 3 scrolls of identify
 n - 4 scrolls of enchant armour
 r - 2 scrolls of vulnerability
 z - 2 scrolls of poison
 A - 2 scrolls of fog
Potions
 c - a potion of lignification
 e - 2 potions of attraction {unknown}
 i - 3 potions of cancellation {unknown}
 k - 2 potions of degeneration {unknown}
 w - a potion of curing {unknown}


   Skills:
 + Level 4.9 Fighting
 + Level 1.7 Short Blades
 + Level 1.7 Long Blades
 + Level 1.7 Axes
 + Level 1.7 Maces & Flails
 + Level 1.7 Polearms
 + Level 6.9 Staves
 + Level 1.7 Ranged Weapons
 + Level 1.7 Throwing
 + Level 1.7 Armour
 + Level 1.7 Dodging
 + Level 2.9 Stealth
 + Level 1.7 Shields
 + Level 1.7 Unarmed Combat
 + Level 3.3 Spellcasting
 + Level 1.3 Conjurations
 + Level 1.3 Hexes
 + Level 1.3 Summonings
 + Level 1.3 Necromancy
 + Level 1.3 Translocations
 + Level 1.3 Transmutations
 + Level 1.3 Fire Magic
 + Level 1.3 Ice Magic
 + Level 2.5 Air Magic
 + Level 1.3 Earth Magic
 + Level 1.3 Poison Magic
 + Level 2.0 Invocations
 + Level 4.9 Evocations


You had 6 spell levels left.
You knew the following spells:

 Your Spells              Type           Power      Damage    Failure   Level
a - Shock                 Conj/Air       36%        1d5       4%          1
b - Vhi's Electric Charg  Tloc/Air       18%        N/A       12%         3

Your spell library contained the following spells:

 Spells                   Type           Power      Damage    Failure   Level


Dungeon Overview and Level Annotations

Branches:
Dungeon (4/15)
 Temple: D:4-7

Altars:

Annotations:
D:4 Pikel


Innate Abilities, Weirdness & Mutations

You have very sharp teeth.
Your uncanny sense of smell can sniff out nearby items.
Your experience applies equally to all skills.


Message History

r - Retreat! s - Stop attacking. g - Guard the area. f - Follow me.
Anything else - Cancel.
Guard this area!
There is a stone staircase leading down here.
You start resting.
You hear the slow rusting of a very distant drain.
You start resting.
HP restored.
You start resting.
Magic restored.
Pikel shouts!
You sock Pikel!
Pikel is severely wounded.
Pikel hits you with a +1 whip of electrocution.
You barely miss Pikel. Your bite misses Pikel.
Pikel is severely wounded.
Pikel hits you with a +1 whip of electrocution.
You barely miss Pikel.
Pikel is severely wounded.
Pikel hits you with a +1 whip of electrocution!
You miss Pikel. You bite Pikel.
Pikel is severely wounded.
Pikel says, "I touched Geryon's horn once."
Pikel hits you with a +1 whip of electrocution.
You are electrocuted!
You barely miss Pikel.
Pikel is severely wounded.
Casting: Shock (safe; 4% risk of failure)
Confirm with . or Enter, or press ? or * to list all spells.
Aiming: Shock (safe; 4% risk of failure)
Press: ? - help, Shift-Dir - straight line, f - Pikel
Aim: Pikel, wielding a +1 whip of electrocution and wearing a +0 robe (severely wounded, 60% to hit)
The zap hits Pikel but does no damage.
Pikel is severely wounded.
You hear the rusting of a very distant drain.
Pikel hits you with a +1 whip of electrocution!
* * * LOW HITPOINT WARNING * * *
You are electrocuted!
You die...

#.#.#######. ...
#.#>...[>... ∆
#.### #....#......
....#####....####.
#....####.#### #.
#...$))...# #.
#....####.#######.
#K#######.....<...
#@........########
###########


You could see Pikel.

Vanquished Creatures
  A lemure (D:4)
  An orc priest (D:3)
  Natasha (twice) (D:3)
  2 gnolls (D:4)
  2 adders
  2 worms (D:2)
  A dart slug (D:3)
  6 orcs (D:3)
  6 endoplasms
  2 giant cockroaches
  3 goblins
  4 hobgoblins
  3 kobolds
  2 quokkas (D:2)
  9 ball pythons
  10 bats
  6 frilled lizards
  9 rats
71 creatures vanquished.

Vanquished Creatures (collateral kills)
  An adder (D:4)
1 creature vanquished.

Vanquished Creatures (others)
  A gnoll (D:4)
  2 fungi (D:4)
  10 toadstools (D:4)
13 creatures vanquished.

Grand Total: 85 creatures vanquished

Notes
Turn   | Place    | Note
-------+----------+-------------------------------------------
     0 | D:1      | McGhostyFace the Gnoll Wanderer began the quest for the
                  | Orb.
     0 | D:1      | McGhostyFace set off with the following items: a +2
                  | quarterstaff, a wand of flame (3), a potion of
                  | lignification, a +0 leather armour; and the following spell
                  | memorised: Shock; and the following spells available to
                  | memorise: Vhi's Electric Charge.
     0 | D:1      | Reached XP level 1. HP: 20/20 MP: 4/4
     4 | D:1      | Found a faded altar of an unknown god.
    38 | D:1      | You fall into a shaft and drop 1 floor!
   146 | D:2      | Reached XP level 2. HP: 24/26 MP: 1/5
   428 | D:1      | Reached XP level 3. HP: 31/31 MP: 7/7
   968 | D:2      | Reached skill level 1 in Invocations
  1131 | D:2      | Reached skill level 1 in Short Blades
  1131 | D:2      | Reached skill level 1 in Long Blades
  1131 | D:2      | Reached skill level 1 in Axes
  1131 | D:2      | Reached skill level 1 in Maces & Flails
  1131 | D:2      | Reached skill level 1 in Polearms
  1131 | D:2      | Reached skill level 1 in Ranged Weapons
  1131 | D:2      | Reached skill level 1 in Throwing
  1131 | D:2      | Reached skill level 1 in Armour
  1131 | D:2      | Reached skill level 1 in Dodging
  1131 | D:2      | Reached skill level 1 in Shields
  1131 | D:2      | Reached skill level 1 in Unarmed Combat
  1345 | D:3      | Noticed Natasha
  1352 | D:3      | Killed Natasha
  1353 | D:3      | Reached skill level 1 in Conjurations
  1353 | D:3      | Reached skill level 1 in Hexes
  1353 | D:3      | Reached skill level 1 in Summonings
  1353 | D:3      | Reached skill level 1 in Necromancy
  1353 | D:3      | Reached skill level 1 in Translocations
  1353 | D:3      | Reached skill level 1 in Transmutations
  1353 | D:3      | Reached skill level 1 in Fire Magic
  1353 | D:3      | Reached skill level 1 in Ice Magic
  1353 | D:3      | Reached skill level 1 in Earth Magic
  1353 | D:3      | Reached skill level 1 in Poison Magic
  1353 | D:3      | Reached XP level 4. HP: 35/38 MP: 0/8
  1580 | D:3      | Reached XP level 5. HP: 30/43 MP: 1/9
  2185 | D:3      | Noticed Natasha
  2196 | D:3      | Killed Natasha
  2641 | D:3      | Learned a level 3 spell: Vhi's Electric Charge
  2851 | D:4      | Noticed a lemure
  2852 | D:4      | Noticed Pikel
  2854 | D:4      | Noticed a lemure
  2859 | D:4      | Noticed a lemure
  2859 | D:4      | Noticed a lemure
  2869 | D:4      | Killed a lemure
  2957 | D:4      | Slain by Pikel

Illustrated notes

Levels and vault maps discovered:
D:1:      noname_arrival_rooms_in_the_neighbourhood, layout_basic,
          dreamdust_ecumenical_altar_statues, dk_noncrumbling_4,
          item_on_display_a
D:2:      layout_rooms
D:3:      layout_basic, hangedman_feature_mirror, serial_bayou_pond_d,
          uniq_natasha
D:4:      cheibrodos_fertilizer, layout_loops_ring, portal_sewer_entry_a,
          minmay_gold_behind_fungi, minmay_misc_feat_tiny, uniq_pikel

Skill      XL: |  1  2  3  4  5 |
---------------+----------------+-----
Air Magic      | 2 |  2.5
Invocations    | 1 2 |  2.0
Short Blades   | 1 |  1.7
Long Blades    | 1 |  1.7
Axes           | 1 |  1.7
Maces & Flails | 1 |  1.7
Polearms       | 1 |  1.7
Ranged Weapons | 1 |  1.7
Throwing       | 1 |  1.7
Armour         | 1 |  1.7
Dodging        | 1 |  1.7
Shields        | 1 |  1.7
Unarmed Combat | 1 |  1.7
Spellcasting   | 3 |  3.3
Conjurations   | 1 |  1.3
Hexes          | 1 |  1.3
Summonings     | 1 |  1.3
Necromancy     | 1 |  1.3
Translocations | 1 |  1.3
Transmutations | 1 |  1.3
Fire Magic     | 1 |  1.3
Ice Magic      | 1 |  1.3
Earth Magic    | 1 |  1.3
Poison Magic   | 1 |  1.3
Fighting       | |  4.9
Staves         | |  6.9
Stealth        | |  2.9
Evocations     | |  4.9

Action                   |  1- 3 |  4- 6 || total
-------------------------+-------+-------++-------
Melee: Quarterstaff      |    90 |    63 ||   153
       Bite              |    10 |     4 ||    14
 Cast: Shock             |    19 |    58 ||    77
Evoke: Wand              |       |     3 ||     3
  Use: Scroll            |       |    10 ||    10
 Stab: Sleeping          |     1 |     2 ||     3
       Distracted        |     1 |       ||     1
Armor: Leather armour    |    29 |    26 ||    55
Dodge: Dodged            |    38 |    39 ||    77

Table legend: (Time is in decaauts)
 A = Elapsed time spent in this place.
 B = Non-inter-level travel time spent in this place.
 C = Inter-level travel time spent in this place.
 D = Time resting spent in this place.
 E = Time spent auto-exploring this place.
 F = Levels seen in this place.
 G = Mean time per level.
                   A        B        C        D        E       F      G
               +--------+--------+--------+--------+--------+-----+--------+
         Total |   2958 |   2773 |    185 |    195 |   1933 |   4 |  739.5 |
       Dungeon |   2958 |   2773 |    185 |    195 |   1933 |   4 |  739.5 |
               +--------+--------+--------+--------+--------+-----+--------+

Top non-repeatable levels by time:
     D:3: 1388 daAuts
     D:1: 702 daAuts
     D:2: 626 daAuts
     D:4: 240 daAuts
